 Dungeon Crawl Stone Soup version 0.24.1-4-ge52af88ad5 (webtiles) character file.

Game seed: 7671908515863936241, levelgen mode: deterministic

4629 Doot the Martial Artist (level 10, -12/69 HPs)
             Began as a Merfolk Transmuter on Apr 18, 2020.
             Was a Believer of Sif Muna.
             Killed by divine providence
             ... invoked by an orc priest
              (13 damage)
             ... on level 8 of the Dungeon.
             The game lasted 00:21:17 (10538 turns).

Doot the Martial Artist (Merfolk Transmuter)       Turns: 10538, Time: 00:21:17

Health: -12/69     AC:  2    Str: 13    XL:     10   Next: 42%
Magic:  16/18      EV: 27    Int: 18    God:    Sif Muna [**....]
Gold:   226        SH:  0    Dex: 19    Spells: 8/19 levels left

rFire    . . .     SeeInvis .     - Unarmed
rCold    . . .     Gourm    .   (shield currently unavailable)
rNeg     . . .     Faith    +   (armour currently unavailable)
rPois    x         Spirit   .   (helmet currently unavailable)
rElec    .         Reflect  .   (cloak currently unavailable)
rCorr    .         Harm     .   (gloves currently unavailable)
MR       .....                  (boots currently unavailable)
Stlth    +++.......             v - amulet of faith
HPRegen  0.21/turn              s - +4 ring of intelligence
MPRegen  0.16/turn              (no ring)

@: spider-form (expiring)
A: tiny, (change form in water), (swift swim), (stealthy swim)
a: End Transformation, Channel Magic, Renounce Religion


You were on level 8 of the Dungeon.
You worshipped Sif Muna.
Sif Muna was pleased with you.
You were not hungry.
You were a venomous arachnid creature.
You visited 2 branches of the dungeon, and saw 10 of its levels.
You also visited: Sewer and Ossuary.

You collected 396 gold pieces.
You spent 170 gold pieces at shops.

Inventory:

Hand Weapons
 r - a +3 vampiric spear
Missiles
 a - 115 arrows
Armour
 b - a +0 robe
 l - a +2 pair of gloves (melded)
 t - a +0 leather armour of poison resistance (melded)
 w - a +2 cloak (melded)
 F - a +0 leather armour
Jewellery
 s - a +4 ring of intelligence (left front leg)
 v - an amulet of faith (around neck)
Scrolls
 e - a scroll of enchant armour
 g - 9 scrolls of teleportation
 i - 2 scrolls of blinking
 j - a scroll of noise {unknown}
 k - 4 scrolls of magic mapping
 m - a scroll of remove curse
 p - 2 scrolls of immolation
 x - a scroll of enchant weapon
 y - 5 scrolls of amnesia
 C - a scroll of fog {unknown}
 E - a scroll of identify
 G - a scroll of fear
Potions
 c - 3 potions of flight
 f - 2 potions of haste
 h - 3 potions of might
 n - 8 potions of curing
 o - 6 potions of brilliance
 q - 4 potions of heal wounds
 u - a potion of berserk rage
 z - a potion of agility
 A - a potion of magic
 B - a potion of lignification
Comestibles
 d - 12 rations


   Skills:
 + Level 2.9 Fighting
 + Level 2.3 Armour
 + Level 7.2 Dodging
 + Level 3.9 Stealth
 + Level 11.2 Unarmed Combat
 + Level 5.3 Spellcasting
 + Level 7.8 Transmutations
 + Level 2.1 Poison Magic


You had 8 spell levels left.
You knew the following spells:

 Your Spells              Type           Power        Failure   Level  Hunger
a - Beastly Appendage     Tmut           ####..       3%          1    None
b - Sticks to Snakes      Tmut           ####....     4%          2    #......
c - Spider Form           Tmut/Pois      ###.......   14%         3    ##.....
d - Blade Hands           Tmut           ####......   32%         5    ######.

Your spell library contained the following spells:

 Spells                   Type           Power        Failure   Level  Hunger
 Flame Tongue             Conj/Fire      #....        30%         1    None
 Throw Flame              Conj/Fire      #.....       38%         2    #......
 Ice Form                 Ice/Tmut       ###.....     47%         4    ####...
 Conjure Flame            Conj/Fire      #.......     58%         3    ##.....
 Inner Flame              Hex/Fire       #.......     58%         3    ##.....
 Sticky Flame             Conj/Fire      #.......     90%         4    ####...
 Fireball                 Conj/Fire      #.........   99%         5    ######.
 Poison Arrow             Conj/Pois      #.........   100%        6    #######
 Chain Lightning          Conj/Air       #.........   100%        8    #######
 Lehudib's Crystal Spear  Conj/Erth      #.........   100%        8    #######
 Fire Storm               Conj/Fire      #.........   100%        9    #######
 Glaciate                 Conj/Ice       #.........   100%        9    #######


Dungeon Overview and Level Annotations

Branches:
Dungeon (9/15)             Temple (1/1) D:5           Sewer (visited)
Ossuary (visited)
   Lair: D:8-11         Orc: D:9-12

Altars:
Ashenzari
Cheibriados
Dithmenos
Elyvilon
Fedhas
Gozag
Hepliaklqana
Kikubaaqudgha
Makhleb
Nemelex Xobeh
Okawaru
Qazlal
Ru
Sif Muna
Trog
Uskayaw
Vehumet
Wu Jian
Xom
Yredelemnul
Zin
The Shining One

Shops:
D:4 (   D:6 %   D:8 ?

Annotations:
D:5 2 transporters, Gruesph's ghost, novice MfGl


Message History

Unknown command.
The orc wizard closely misses you.
The orc priest begins to cast a cantrip, but forgets the words!
The orc wizard mumbles some strange words.
The orc wizard blinks!
The orc priest mumbles some strange prayers to Beogh against you.
Beogh smites you!
* * * LOW HITPOINT WARNING * * *
Your transformation is almost over.
The wyvern bites you!
* * * LOW HITPOINT WARNING * * *
The orc wizard casts a spell at you. The magic dart hits you.
* * * LOW HITPOINT WARNING * * *
The wyvern barely misses you.
The orc priest casts a cantrip, but nothing happens.
There is an escape hatch in the floor here.
The orc priest invokes the aid of Beogh against you.
Beogh smites you!
You die...

...#.........)# .#
..........).# .#
...####....###.#
#.##.##....#..#
##.#.#.#.....# ..
.##.#.#.###.##># #> .#
#.#.#.##[...# #y
..#.#.#.#.#....# #.
.###.#.#.##..s.#
#<#y.#.#.#.##...l.#
#y...####.#.#...(.###
.......####.o.......#
..<............##.#.##
.....###.......##..÷.####
#....###..##.o..........##
#....#....##.........##..#
##.<....o.§...##.##..###.#


You could see a wyvern, an orc priest and an orc wizard.

Vanquished Creatures
  Pikel (D:8)
  Menkaure (D:4)
  Edmund (D:6)
  A water moccasin (D:7)
  A sky beast (D:5)
  3 ice beasts
  A black bear (D:7)
  An orc warrior (D:8)
  A phantom (D:4)
  A centaur (D:8)
  3 ogres (D:8)
  4 bullfrogs
  2 big kobolds (Sewer)
  6 water moccasin zombies (Ossuary)
  A scorpion (D:7)
  13 killer bees
  2 howler monkeys (D:7)
  4 crimson imps
  3 bullfrog zombies
  A bullfrog skeleton (D:7)
  A jelly (Temple)
  8 orc priests
  3 hounds
  7 orc wizards
  A centaur skeleton (D:6)
  2 iguanas (D:6)
  4 worker ants
  5 big kobold zombies (Ossuary)
  A hound skeleton (D:7)
  2 mummies (Ossuary)
  11 adders
  5 river rats (Sewer)
  A shadow imp (D:5)
  3 oozes
  10 adder zombies
  An adder skeleton (D:4)
  2 dart slugs (D:1)
  2 leopard geckos
  26 orcs
  8 giant cockroaches
  8 goblins
  10 hobgoblins
  6 jackals
  A quokka (D:7)
  5 ball pythons
  7 bats
  8 frilled lizards
  A giant cockroach zombie (D:6)
  2 gnoll zombies (Ossuary)
  5 hobgoblin zombies (Ossuary)
  A jackal zombie (D:5)
  20 kobolds
  4 kobold zombies (Ossuary)
  5 orc zombies (Ossuary)
  30 rats
267 creatures vanquished.

Vanquished Creatures (collateral kills)
  An orc (D:6)
  A kobold (D:1)
2 creatures vanquished.

Vanquished Creatures (others)
  3 slaves (D:8)
  A centaur (D:8)
  2 killer bees (D:8)
  An adder (D:8)
  4 plants (D:5)
11 creatures vanquished.

Grand Total: 280 creatures vanquished

Notes
Turn   | Place    | Note
-------+----------+-------------------------------------------
     0 | D:1      | Doot the Merfolk Transmuter began the quest for the Orb.
     0 | D:1      | Reached XP level 1. HP: 15/15 MP: 3/3
    83 | D:1      | Reached XP level 2. HP: 4/21 MP: 3/5
    96 | D:1      | Learned a level 2 spell: Sticks to Snakes
   448 | D:1      | HP: 1/21 [kobold/+0 whip (4)]
  1074 | D:1      | Reached XP level 3. HP: 22/26 MP: 4/6
  1491 | D:1      | Learned a level 3 spell: Spider Form
  1576 | D:2      | Reached skill level 4 in Unarmed Combat
  1711 | D:2      | Reached XP level 4. HP: 15/32 MP: 7/7
  2323 | D:3      | Reached skill level 1 in Stealth
  2340 | D:3      | Found a glowing drain.
  2375 | Sewer    | Entered a sewer
  2761 | Sewer    | Reached XP level 5. HP: 26/37 MP: 7/9
  3304 | Sewer    | Noticed a big kobold
  3527 | Sewer    | Killed a big kobold
  3527 | Sewer    | Reached skill level 5 in Unarmed Combat
  3527 | Sewer    | Reached XP level 6. HP: 43/43 MP: 10/10
  3535 | Sewer    | Learned a level 5 spell: Blade Hands
  4158 | D:3      | Reached XP level 7. HP: 34/49 MP: 12/12
  4335 | D:3      | Found a hazy altar of Hepliaklqana.
  4473 | D:3      | Reached skill level 6 in Unarmed Combat
  4888 | D:4      | Noticed Menkaure
  4939 | D:4      | Found a burning altar of Makhleb.
  5060 | D:4      | Found a sand-covered staircase.
  5064 | Ossuary  | Entered an ossuary
  5351 | Ossuary  | Reached skill level 7 in Unarmed Combat
  5475 | Ossuary  | Reached XP level 8. HP: 24/56 MP: 13/13
  5687 | Ossuary  | Reached skill level 5 in Dodging
  5709 | Ossuary  | Reached skill level 5 in Transmutations
  5723 | Ossuary  | Reached skill level 8 in Unarmed Combat
  6153 | D:4      | Found Qunla's Antique Weapon Boutique.
  6371 | D:4      | Killed Menkaure
  6387 | D:5      | Entered Level 5 of the Dungeon
  6408 | D:5      | Found a staircase to the Ecumenical Temple.
  6418 | Temple   | Entered the Ecumenical Temple
  6516 | Temple   | Became a worshipper of Sif Muna the Loreminder
  6578 | D:5      | Reached skill level 9 in Unarmed Combat
  6695 | D:5      | Reached skill level 1 in Poison Magic
  6820 | D:5      | Found a transporter.
  6837 | D:5      | Noticed Gruesph's ghost (novice MfGl)
  6869 | D:5      | Found a transporter.
  7369 | D:6      | Reached XP level 9. HP: 38/62 MP: 9/15
  7493 | D:6      | Reached * piety under Sif Muna
  7509 | D:6      | Found Huur's Food Boutique.
  7968 | D:6      | Found an ornate altar of the Wu Jian Council.
  8016 | D:6      | Noticed Edmund
  8036 | D:6      | Killed Edmund
  8036 | D:6      | Reached skill level 10 in Unarmed Combat
  8114 | D:6      | Found a blossoming altar of Fedhas.
  8117 | D:6      | Found a sacrificial altar of Ru.
  8386 | D:7      | Reached skill level 1 in Armour
  8593 | D:7      | Reached ** piety under Sif Muna
  9244 | D:8      | Reached XP level 10. HP: 69/69 MP: 14/17
  9267 | D:8      | Found Bebut's Magic Scroll Emporium.
  9587 | D:8      | Bought a scroll of fear for 35 gold pieces
  9587 | D:8      | Bought a scroll of blinking for 75 gold pieces
  9587 | D:8      | Bought a scroll of teleportation for 30 gold pieces
  9587 | D:8      | Bought a scroll of teleportation for 30 gold pieces
  9917 | D:8      | Noticed Pikel
 10086 | D:9      | Reached skill level 11 in Unarmed Combat
 10109 | D:8      | Reached skill level 5 in Spellcasting
 10180 | D:8      | Found a white marble altar of Elyvilon.
 10279 | D:8      | Killed Pikel
 10535 | D:8      | HP: 3/69 [wyvern (7)]
 10536 | D:8      | HP: 1/69 [orc wizard/magic dart (3)]
 10538 | D:8      | Killed from afar by an orc priest

Levels and vault maps discovered:
D:1:      ncdulo_lavacross, layout_basic
D:2:      layout_basic, minmay_fractal_squares_gapless_5
D:3:      layout_loops_ring, old_standard_altar, portal_sewer_entry_f,
          first_ration
D:4:      layout_rooms, old_standard_altar, serial_shops, shop, enter_ossuary_5,
          uniq_menkaure
D:5:      layout_basic, minmay_temple_entry_wispy,
          gammafunk_ghost_gnarly_gnolls, serial_bayou_crossing
D:6:      layout_rooms, nicolae_overflow_hidden_temple,
          chequers_temple_overflow_statue_of_worship, serial_shops,
          kennysheep_mini_moat, uniq_edmund
D:7:      layout_cave_pools
D:8:      layout_rooms, elyvilon_altar_1, serial_shops, nicolae_shop_trees,
          david_nohive_1, uniq_pikel
D:9:      layout_grid_maze
Temple:   regret_index_temple_sphere_string

Skill      XL: |  1  2  3  4  5  6  7  8  9 10 |
---------------+-------------------------------+-----
Dodging        | 3 4 5 6 7 |  7.2
Transmutations | 3 4 5 7 |  7.8
Unarmed Combat | 4 5 7 9 10 11 | 11.2
Stealth        | 1 2 3 |  3.9
Spellcasting   | 3 4 5 |  5.3
Fighting       | 2 |  2.9
Poison Magic   | 1 2 |  2.1
Armour         | 1 2 |  2.3

Action                   |  1- 3 |  4- 6 |  7- 9 | 10-12 || total
-------------------------+-------+-------+-------+-------++-------
Melee: Unarmed           |   103 |   281 |   529 |    96 ||  1009
       Headbutt          |    11 |    33 |    65 |     1 ||   110
       Punch             |     2 |     3 |    21 |     3 ||    29
       Tailslap          |       |    14 |     1 |       ||    15
 Cast: Beastly Appendage |    21 |    24 |    38 |     1 ||    84
       Sticks to Snakes  |     3 |       |     5 |       ||     8
       Spider Form       |       |     2 |    10 |     5 ||    17
       Blade Hands       |       |       |     1 |     6 ||     7
  Use: Scroll            |       |       |    19 |     3 ||    22
       Potion            |       |       |       |     1 ||     1
 Stab: Sleeping          |     1 |       |     6 |       ||     7
       Distracted        |       |       |     1 |       ||     1
  Eat: Chunk             |     3 |     9 |    11 |     6 ||    29
       Ration            |       |       |     2 |       ||     2
Armor: Robe              |    21 |    64 |    56 |       ||   141
       Skin              |       |     1 |     1 |       ||     2
       Leather armour    |       |       |    34 |     9 ||    43
Dodge: Dodged            |    58 |   231 |   324 |   105 ||   718
